 Dungeon Crawl Stone Soup version 0.30.1-11-g7821555f0a (webtiles) character file.

Game seed: 17026920661646101325

1 KyoPewz the Grasshopper (level 1, 3/9 HPs)
             Began as a Felid Warper on Oct 31, 2023.
             Quit the game on level 1 of the Dungeon.
             The game lasted 00:00:40 (27 turns).

KyoPewz the Grasshopper (Felid Warper)                Turns: 27, Time: 00:00:41

Health: 3/9        AC:  1    Str:  7    XL:     1   Next: 16%
Magic:  4/4        EV: 17    Int: 14    God:
Gold:   0          SH:  0    Dex: 15    Spells: 4/4 levels left
                                        Lives:  0   Deaths: 0

rFire   . .          .
                       - Unarmed
rCold   . . .        (shield unavailable)
rNeg    . . .        (body armour unavailable)
rPois   .            (helmet unavailable)
rElec   .            (cloak unavailable)
rCorr   .            (gloves unavailable)
SInv    +            (boots unavailable)
Will    .....        (no amulet)
Stlth   ++           (no ring)
HPRegen 0.21/turn    (no ring)
MPRegen 0.09/turn

%: no passive effects
@: quick
A: very small, claws 1, fangs 3, see invisible, speed 1, shaggy fur 1, stealthy
paws, no weapons or thrown items, no armour, multi-lived
a: no special abilities


You were on level 1 of the Dungeon.
You visited 1 branch of the dungeon, and saw 1 of its levels.

Inventory:

Scrolls
 B - a scroll of blinking
Potions
 a - a potion of lignification {unknown}


   Skills:
 - Level 2.0 Fighting
 - Level 3.2 Dodging
 + Level 0.8 Stealth
 - Level 2.0 Unarmed Combat
 - Level 2.0 Spellcasting
 - Level 4.4 Translocations


You had 4 spell levels left.
You didn't know any spells.
Your spell library contained the following spells:

 Spells                   Type           Power      Damage    Failure   Level
 Blink                    Tloc           26%        N/A       6%          2
 Lesser Beckoning         Tloc           26%        N/A       6%          2
 Teleport Other           Tloc           13%        N/A       12%         3
 Vhi's Electric Charge    Tloc/Air       14%        N/A       28%         3
 Manifold Assault         Tloc           13%        N/A       36%         4


Dungeon Overview and Level Annotations

Branches:
Dungeon (1/15)

Altars:


Innate Abilities, Weirdness & Mutations

You have sharp claws.
You have razor-sharp teeth.
You have supernaturally acute eyesight. (SInv)
You cover ground quickly. (Speed+)
You are covered in fur. (AC +1)
Your paws help you pounce on unaware monsters.
You are incapable of wielding weapons or throwing items.
You cannot wear armour.
You gain extra lives every three experience levels.


Message History

Countless adventurers have entered the dungeon seeking the Orb of Zot, but there's always room for one more...
Press ? for a list of commands and other information.
Found an inky potion.
Found a staircase leading out of the dungeon.
Your movement speed is quick.
Your attack delay is about 0.9.
Your damage rating with unarmed combat is about 6 (Base [5 + 2 (UC)] x 92% (Str) x 103% (Fight)).
a - an inky potion
Okay, then.
You don't know any spells.
Okay, then.
An endoplasm comes into view.
An endoplasm is nearby!
A giant cockroach comes into view.
The endoplasm quivers.
The endoplasm freezes you.
You are frozen.
You take 2 damage, and have 7/9 hp.
MASSIVE DAMAGE!!
You scratch the endoplasm.
The endoplasm is lightly wounded.
You scratch the endoplasm.
The endoplasm is almost dead.
The endoplasm freezes you.
You are frozen.
You take 2 damage, and have 5/9 hp.
MASSIVE DAMAGE!!
You scratch the endoplasm.
You kill the endoplasm!
The giant cockroach barely misses you. x2
You scratch the giant cockroach.
The giant cockroach is severely wounded.
The giant cockroach barely misses you.
You barely miss the giant cockroach. Your bite misses the giant cockroach.
The giant cockroach is severely wounded.
The giant cockroach bites you.
You take 2 damage, and have 3/9 hp.
MASSIVE DAMAGE!!
You are too injured to fight recklessly!
You are too injured to fight recklessly!
You are too injured to fight recklessly!
You are too injured to fight recklessly!
You are too injured to fight recklessly!
Are you sure you want to abandon this character and quit the game? (Confirm with "yes".)

#......#
...##......#
...###.#.###
#..##......#
#..##......#
#..##..#.### #!#
#..##......#
.....###B.####..###
#...@........#
#.####.####..# #.#
#..# ... #...#
#.... ...##
.....##...
..........#[
.#..........


You could see a giant cockroach.

Vanquished Creatures
  An endoplasm (D:1)
1 creature vanquished.

Notes
Turn   | Place    | Note
-------+----------+-------------------------------------------
     0 | D:1      | KyoPewz the Felid Warper began the quest for the Orb.
     0 | D:1      | Reached XP level 1. HP: 9/9 MP: 4/4
    27 | D:1      | Quit the game

Illustrated notes

Levels and vault maps discovered:
D:1:      dpeg_arrival_ternary, layout_loops_ring, minmay_misc_feat_room

Action                     || total
---------------------------++-------
  Melee: Unarmed           ||     5
  Dodge: Dodged            ||     3
